 Dungeon Crawl Stone Soup version 0.24.0-123-gd5b16e6ec5 (webtiles) character file.

Game seed: 7395900392919261185, levelgen mode: deterministic

420 FishyPogo the Skirmisher (level 6, -4/51 HPs)
             Began as a Demonspawn Monk on Jan 1, 2020.
             Was a Believer of Sif Muna.
             Slain by an ogre
             ... wielding a +0 giant spiked club
              (26 damage)
             ... on level 4 of the Dungeon.
             The game lasted 00:07:40 (3050 turns).

FishyPogo the Skirmisher (Demonspawn Monk)          Turns: 3050, Time: 00:07:41

Health: -4/51      AC:  3    Str: 14    XL:     6   Next: 62%
Magic:  9/9        EV: 13    Int: 11    God:    Sif Muna [**....]
Gold:   21         SH:  0    Dex: 15    Spells: 9/9 levels left

rFire    x . .     SeeInvis +   v - +2 falchion (vamp)
rCold    + . .     Gourm    .   (no shield)
rNeg     . . .     Faith    .   j - +0 robe (curse)
rPois    .         Spirit   .   r - +0 helmet {SInv}
rElec    .         Reflect  .   (no cloak)
rCorr    .         Harm     +   (no gloves)
MR       .....                  (no boots)
Stlth    ++........             q - amulet of harm
HPRegen  0.17/turn              n - ring of ice
MPRegen  0.11/turn              (no ring)

@: no status effects
A: hooves 1, rot immunity
a: Channel Magic, Renounce Religion


You were on level 4 of the Dungeon.
You worshipped Sif Muna.
Sif Muna was pleased with you.
You were not hungry.

You visited 1 branch of the dungeon, and saw 4 of its levels.

You collected 153 gold pieces.
You spent 132 gold pieces at shops.

Inventory:

Hand Weapons
 a - a +0 short sword
 v - a +2 vampiric falchion (weapon)
Missiles
 e - 63 stones (quivered)
 f - 7 javelins
 p - 7 boomerangs of dispersal
Armour
 d - a +0 shield
 j - a cursed +0 robe (worn)
 r - a +0 helmet of see invisible (worn)
Jewellery
 n - a ring of ice (left hand)
 q - an amulet of harm (around neck)
 s - an uncursed ring of flight {unknown}
Wands
 o - a wand of enslavement (12)
Scrolls
 b - a scroll of amnesia {unknown}
 g - a scroll of magic mapping {unknown}
 h - 3 scrolls of teleportation {unknown}
 k - 2 scrolls of identify {unknown}
 l - a scroll of enchant weapon {unknown}
 t - a scroll of random uselessness {unknown}
Potions
 i - 2 potions of curing {unknown}
 m - 2 potions of brilliance {unknown}
Comestibles
 c - 6 rations
 u - 2 chunks of flesh


   Skills:
 * Level 5.2 Fighting
 + Level 3.9 Short Blades
 + Level 2.5 Armour
 - Level 3.0 Dodging
 - Level 2.0 Stealth
 + Level 2.0 Spellcasting


You had 9 spell levels left.
You didn't know any spells.
Your spell library was empty.

Dungeon Overview and Level Annotations

Branches:
Dungeon (4/15)
 Temple: D:4-7

Altars:
Hepliaklqana
Kikubaaqudgha
Qazlal
Sif Muna
Xom
Yredelemnul
Zin

Shops:
D:4 (=


Innate Abilities, Weirdness & Mutations

You have large cloven feet.
You are immune to rotting.


Message History

The ogre is almost dead.
The ogre hits you with a +0 giant spiked club!!
You are too injured to fight recklessly!
You are too injured to fight recklessly!
You are too injured to fight recklessly!
You are too injured to fight recklessly!
You are too injured to fight recklessly!
You are too injured to fight recklessly!
You are too injured to fight recklessly!
You are too injured to fight recklessly!
You are too injured to fight recklessly!
You are too injured to fight recklessly!
You barely miss the ogre.
The ogre is almost dead.
The ogre misses you.
You hit the ogre.
You feel better.
You kick the ogre, but do no damage.
The ogre is almost dead.
The ogre hits you with a +0 giant spiked club!!
Ouch! That really hurt!
You die...

#####..#.....##...........####...
#..#.....#........∩....# #...
#####.#)#####.###.......)...##...
....#.)##. ###.##..........##.^.
.......#.. ..#..........####.
......##.### #.#..........# ##
.......#.#.#####.#..#########
....####..#.##$#O#..# ....#
#.###.#..@#..# ....####..#.####.#
.......#.###.#...#
######.#..#.#.#%## #.#.########
#...# #####


You could see an ogre.

Vanquished Creatures
  Sigmund (D:3)
  2 hounds
  2 orc wizards (D:4)
  A centaur skeleton (D:4)
  4 adders
  2 oozes
  An adder skeleton (D:4)
  A worm (D:2)
  3 dart slugs
  A leopard gecko (D:4)
  3 orcs (D:4)
  3 giant cockroaches
  6 hobgoblins
  13 jackals
  5 kobolds
  4 quokkas
  4 bats
  4 frilled lizards
  2 goblins
  7 rats
69 creatures vanquished.

Notes
Turn   | Place    | Note
-------+----------+-------------------------------------------
     0 | D:1      | FishyPogo the Demonspawn Monk began the quest for the Orb.
     0 | D:1      | Reached XP level 1. HP: 18/18 MP: 1/1
   335 | D:1      | Gained mutation: You have large cloven feet. [demonic
                  | ancestry]
   335 | D:1      | Reached XP level 2. HP: 20/24 MP: 2/2
   674 | D:2      | Reached XP level 3. HP: 23/29 MP: 3/3
   805 | D:2      | Found a shimmering altar of Xom.
  1065 | D:2      | Reached skill level 1 in Armour
  1256 | D:2      | Found a shimmering blue altar of Sif Muna.
  1259 | D:2      | Became a worshipper of Sif Muna the Loreminder
  1259 | D:2      | Reached * piety under Sif Muna
  1259 | D:2      | Reached ** piety under Sif Muna
  1312 | D:2      | Found a faded altar of an unknown god.
  1498 | D:3      | Reached XP level 4. HP: 26/37 MP: 4/4
  1568 | D:3      | Noticed Sigmund
  1589 | D:3      | Killed Sigmund
  1589 | D:3      | Reached skill level 4 in Fighting
  1589 | D:3      | Reached skill level 1 in Spellcasting
  1589 | D:3      | Reached XP level 5. HP: 35/43 MP: 4/7
  1627 | D:3      | Found a stormy altar of Qazlal.
  1630 | D:3      | Found an ancient bone altar of Kikubaaqudgha.
  2021 | D:3      | Found a basalt altar of Yredelemnul.
  2022 | D:3      | Found a hazy altar of Hepliaklqana.
  2030 | D:3      | Gained mutation: You are immune to rotting. [demonic
                  | ancestry]
  2030 | D:3      | Reached XP level 6. HP: 37/50 MP: 8/8
  2352 | D:4      | Reached skill level 5 in Fighting
  2636 | D:4      | Found a glowing silver altar of Zin.
  2654 | D:4      | Found Wido Tad's Jewellery Emporium.
  2950 | D:4      | Found Suttawko's Antique Weapon Shop.
  2959 | D:4      | Bought a glowing falchion for 132 gold pieces
  3050 | D:4      | Slain by an ogre

Levels and vault maps discovered:
D:1:      dpeg_arrival_orchard, layout_rooms
D:2:      layout_rooms, lemuel_blue_sif_altar, first_ration,
          chequers_ecumenical_altar_simple_redux, chequers_jeans,
          brannock_xom_greatest_gift
D:3:      layout_loops_ring, nicolae_overflow_hidden_temple,
          gammafunk_temple_overflow_pools, uniq_sigmund
D:4:      layout_rooms, nicolae_tso_carved_into_rock, lemuel_crystal_altar,
          serial_shops, shop, shop, minmay_small_thing

Skill      XL: |  1  2  3  4  5  6 |
---------------+-------------------+-----
Stealth        | 2 |  2.0
Short Blades   | 3 |  3.9
Armour         | 1 2 |  2.5
Dodging        | 3 |  3.0
Fighting       | 4 5 |  5.2
Spellcasting   | 1 2 |  2.0

Action                   |  1- 3 |  4- 6 || total
-------------------------+-------+-------++-------
Melee: Short sword       |   143 |   109 ||   252
       Kick              |    28 |    38 ||    66
       Falchion          |       |     8 ||     8
  Use: Potion            |     1 |       ||     1
 Stab: Sleeping          |     5 |     5 ||    10
  Eat: Chunk             |     2 |     5 ||     7
Armor: Robe              |    21 |    23 ||    44
Dodge: Dodged            |    85 |   108 ||   193
       Rpst.: Falchion   |       |     1 ||     1
